 Dungeon Crawl Stone Soup version 0.29-a0-359-g541a27f54d (webtiles) character file.

Game seed: 2942442768650124141

39 Zeldest the Skirmisher (level 3, 0/29 HPs)
             Began as a Demonspawn Fighter on Apr 28, 2022.
             Was a Follower of Yredelemnul.
             Succumbed to an adder's poison
             ... on level 2 of the Dungeon.
             The game lasted 00:01:43 (1311 turns).

Zeldest the Skirmisher (Demonspawn Fighter)         Turns: 1311, Time: 00:01:43

Health: 0/29       AC:  6    Str: 18    XL:     3   Next: 28%
Magic:  3/3        EV:  9    Int:  9    God:    Yredelemnul [*.....]
Gold:   69         SH:  4    Dex: 12    Spells: 2/2 levels left

rFire   + . .      SeeInvis .     - Unarmed
rCold   . . .      Faith    .   b - +0 buckler
rNeg    . . .      Spirit   .   a - +0 scale mail
rPois   .          Reflect  .   (no helmet)
rElec   .          Harm     .   (no cloak)
rCorr   .          Rampage  .   (no gloves)
Will    .....      Clarity  +   (no boots)
Stlth   ..........              (no amulet)
HPRegen 0.09/turn               h - ring of wizardry
MPRegen 0.08/turn               (no ring)

@: mighty, lethally poisoned (0 -> -3)
A: demonic magic 1, clarity, fire resistance 1
a: Renounce Religion, Recall Undead Harvest


You were on level 2 of the Dungeon.
You worshipped Yredelemnul.
Yredelemnul was noncommittal.
You visited 1 branch of the dungeon, and saw 2 of its levels.

You collected 69 gold pieces.

Inventory:

Armour
 a - a +0 scale mail (worn)
 b - a +0 buckler (worn)
Jewellery
 h - a ring of wizardry (left hand)
Scrolls
 e - a scroll of identify {unknown}
 f - a scroll of teleportation {unknown}
Potions
 g - a potion of mutation


   Skills:
 + Level 3.5 Fighting
 + Level 3.2 Armour
 - Level 2.6 Shields
 + Level 2.4 Unarmed Combat


You had 2 spell levels left.
You didn't know any spells.
Your spell library contained the following spells:

 Spells                   Type           Power      Damage    Failure   Level
 Magic Dart               Conj           0%         1d3       52%         1
 Pain                     Necr           0%         1d4       52%         1
 Call Imp                 Summ           0%         N/A       65%         2
 Mephitic Cloud           Conj/Pois/Air  0%         N/A       86%         3
 Agony                    Necr           0%         N/A       100%        5
 Excruciating Wounds      Necr           0%         N/A       100%        5


Dungeon Overview and Level Annotations

Branches:
Dungeon (2/15)

Altars:
Yredelemnul

Shops:
D:1 [


Innate Abilities, Weirdness & Mutations

Spells you cast may paralyse adjacent enemies.
You possess an exceptional clarity of mind.
Your flesh is heat resistant. (rF+)


Message History

You are too injured to fight recklessly!
You are too injured to fight recklessly!
There are monsters nearby!
You are too injured to fight recklessly!
You are too injured to fight recklessly!
You hit the goblin.
You kill the goblin!
A black mist starts to gather...
Found a stone staircase leading up.
Things that are here:
a +0 dagger; 27 gold pieces Your goblin zombie closely misses the adder.
The adder barely misses you.
You miss the adder. The adder closely misses you.
Your goblin zombie hits the adder but does no damage.
You barely miss the adder. The adder bites you.
* * * LOW HITPOINT WARNING * * *
You are lethally poisoned!
The adder poisons you!
Your goblin zombie closely misses the adder.
The adder closely misses you.
You punch the adder!
The adder is almost dead.
* * * LOW HITPOINT WARNING * * *
You feel sick. You block the adder's attack.
Your goblin zombie closely misses the adder.
You closely miss the adder.
The adder is almost dead.
* * * LOW HITPOINT WARNING * * *
You feel sick. You block the adder's attack.
Your goblin zombie hits the adder but does no damage.
You punch the adder!
You kill the adder!
A black mist starts to gather...
* * * LOW HITPOINT WARNING * * *
You feel sick.
It was a potion of mutation.
You feel extremely strange.
You feel resistant to heat.
Your thoughts seem clearer.
You die...
Your body rises from the dead as a mindless zombie.

################...
.##......Z..Z......#
...<###.#####.####.####.
.#### #.#####Z####......
#.##....Z)....#
#.##.....(@Z..#
#.##..#.###...#
#........ Z..# .......#.
.#.# ....... . .....
....... .. .# ... .....
.. .<. .. ...


You could see a friendly adder zombie, a friendly jackal zombie, a friendly worm
zombie and a friendly goblin zombie.

Vanquished Creatures
  An adder (D:2)
  A worm (D:2)
  3 ball pythons (D:1)
  2 giant cockroaches (D:1)
  3 goblins
  2 hobgoblins (D:1)
  2 jackals (D:2)
  A quokka (D:1)
  3 bats (D:1)
  3 frilled lizards
  3 kobolds (D:1)
  4 rats (D:1)
28 creatures vanquished.

Vanquished Creatures (others)
  3 fungi (D:1)
  2 plants (D:1)
5 creatures vanquished.

Grand Total: 33 creatures vanquished

Notes
Turn   | Place    | Note
-------+----------+-------------------------------------------
     0 | D:1      | Zeldest the Demonspawn Fighter began the quest for the Orb.
     0 | D:1      | Reached XP level 1. HP: 18/18 MP: 1/1
   442 | D:1      | Gained mutation: Spells you cast may paralyse adjacent
                  | enemies. [demonic ancestry]
   442 | D:1      | Reached XP level 2. HP: 23/24 MP: 2/2
   745 | D:1      | Found Ceuxteodda's Armour Boutique.
  1115 | D:1      | Found a faded altar of an unknown god.
  1224 | D:1      | Prayed at the altar of an unknown god.
  1224 | D:1      | Became a worshipper of Yredelemnul the Dark
  1224 | D:1      | Reached * piety under Yredelemnul
  1281 | D:2      | HP: 1/24 [jackal (3)]
  1296 | D:2      | Reached XP level 3. HP: 7/29 MP: 3/3
  1310 | D:2      | HP: 1/29 [poisoned by an adder]
  1311 | D:2      | Gained mutation: Your flesh is heat resistant. (rF+)
                  | [potion of mutation]
  1311 | D:2      | Gained mutation: You possess an exceptional clarity of
                  | mind. [potion of mutation]
  1311 | D:2      | Succumbed to an adder's poison

Illustrated notes

Levels and vault maps discovered:
D:1:      elethiomel_arrival_shortcut, layout_basic,
          shapermc_ecumenical_altar_petra, serial_shops, nicolae_shop_stone
D:2:      layout_loops_cross, minmay_tetromino_o4, uniq_crazy_yiuf_cottage,
          uniq_terence

Skill      XL: |  1  2 |
---------------+-------+-----
Unarmed Combat | 2 |  2.4
Armour         | 3 |  3.2
Fighting       | |  3.5
Shields        | |  2.6

Action                   || total
-------------------------++-------
Melee: Unarmed           ||   121
  Use: Potion            ||     4
Armor: Scale mail        ||    50
Dodge: Dodged            ||    41
Block: Buckler           ||    23

Table legend: (Time is in decaauts)
 A = Elapsed time spent in this place.
 B = Non-inter-level travel time spent in this place.
 C = Inter-level travel time spent in this place.
 D = Time resting spent in this place.
 E = Time spent auto-exploring this place.
 F = Levels seen in this place.
 G = Mean time per level.
                   A        B        C        D        E       F      G
               +--------+--------+--------+--------+--------+-----+--------+
         Total |   1310 |   1221 |     89 |    167 |    836 |   2 |  655.0 |
       Dungeon |   1310 |   1221 |     89 |    167 |    836 |   2 |  655.0 |
               +--------+--------+--------+--------+--------+-----+--------+

Top non-repeatable levels by time:
     D:1: 1259 daAuts
     D:2: 50 daAuts
